 Dungeon Crawl Stone Soup version 0.30-a0-377-g5cb311bc9f (webtiles) character file.

Game seed: 5005611414668470972

232 qeuew the Shooter (level 5, -2/57 HPs)
             Began as a Demonspawn Wanderer on Nov 29, 2022.
             Was a Follower of Nemelex Xobeh.
             Slain by an orc wizard
             ... wielding a +0 dagger
              (4 damage)
             ... on level 3 of the Dungeon.
             The game lasted 00:03:30 (2130 turns).

qeuew the Shooter (Demonspawn Wanderer)             Turns: 2130, Time: 00:03:30

Health: -2/57      AC:  2    Str: 10    XL:     5   Next: 73%
Magic:  6/6        EV: 16    Int: 12    God:    Nemelex Xobeh [*.....]
Gold:   260        SH:  0    Dex: 18    Spells: 5/6 levels left

rFire   . . .      SeeInvis .    a - +2 sling
rCold   . . .      Faith    .    (no shield)
rNeg    . . .      Spirit   .    e - +0 robe
rPois   .          Reflect  .    (no helmet)
rElec   .          Harm     .    (no cloak)
rCorr   .          Rampage  .    (no gloves)
Will    .....                    (no boots)
Stlth   ..........               (no amulet)
HPRegen 0.29/turn                h - +4 ring of evasion
MPRegen 0.20/turn                (no ring)

@: berserking, very quick
A: ignite blood 1, magic regeneration, sturdy frame 1
a: Renounce Religion, Draw Escape, Draw Destruction, Draw Summoning


You were on level 3 of the Dungeon.
You worshipped Nemelex Xobeh.
Nemelex Xobeh was aware of your devotion.
You visited 1 branch of the dungeon, and saw 3 of its levels.

You collected 260 gold pieces.

Inventory:

Hand Weapons
 a - a +2 sling (weapon)
 c - a +0 dagger
 g - a +4 dagger of venom
Armour
 e - a +0 robe (worn)
Jewellery
 h - a +4 ring of evasion (left hand)
Wands
 b - a wand of polymorph (11)
Scrolls
 d - 2 scrolls of silence
 i - a scroll of teleportation
Potions
 j - a potion of might
 k - a potion of haste {unknown}


   Skills:
 + Level 1.9 Fighting
 + Level 1.8 Short Blades
 + Level 4.1 Ranged Weapons
 - Level 2.6 Throwing
 + Level 1.7 Armour
 + Level 1.6 Dodging
 + Level 0.1 Stealth
 - Level 1.0 Spellcasting
 - Level 2.0 Conjurations
 * Level 2.6 Invocations
 + Level 1.1 Evocations


You had 5 spell levels left.
You knew the following spells:

 Your Spells              Type           Power      Damage    Failure   Level
a - Foxfire               Conj/Fire      12%        2x1d4     21%         1

Your spell library contained the following spells:

 Spells                   Type           Power      Damage    Failure   Level
 Slow                     Hex            0%         N/A       30%         1
 Sublimation of Blood     Necr           0%         N/A       41%         2
 Wereblood                Tmut           0%         N/A       41%         2
 Mephitic Cloud           Conj/Pois/Air  2%         N/A       56%         3
 Confusing Touch          Hex            0%         N/A       65%         3
 Vampiric Draining        Necr           0%         2d6       65%         3
 Summon Hydra             Summ           0%         N/A       100%        7


Dungeon Overview and Level Annotations

Branches:
Dungeon (3/15)

Altars:
Nemelex Xobeh

Annotations:
D:3 Robin


Innate Abilities, Weirdness & Mutations

Your demonic aura sometimes causes spilled blood to erupt in flames.
You regenerate magic rapidly.
Your movements are slightly less encumbered by armour. (ER -2)


Message History

The sling bullet barely misses the orc wizard.
The sling bullet closely misses the orc wizard.
The goblin misses you. The goblin hits you with a +0 club.
The orc wizard casts a spell.
The orc wizard flickers and vanishes!
Deactivating autopickup; reactivate with Ctrl-A.
The goblin hits you with a +0 dagger.
You shoot a sling bullet. The goblin misses you.
The goblin hits you with a +0 club. The goblin barely misses you.
Unknown command.
You shoot a sling bullet. The goblin hits you with a +0 dagger.
The goblin hits you with a +0 club.
* * * LOW HITPOINT WARNING * * *
The goblin barely misses you.
Okay, then.
It was a potion of berserk rage.
A red film seems to cover your vision as you go berserk!
You feel yourself moving faster!
You feel mighty!
You feel less confused. The goblin hits you with a +0 club.
* * * LOW HITPOINT WARNING * * *
Something hits you but does no damage. The goblin closely misses you.
Really attack while wielding your +2 sling? [Y]es or [N]o only, please.
Really attack while wielding your +2 sling? [Y]es or [N]o only, please.
Really attack while wielding your +2 sling?
Okay, then.
There are monsters nearby!
Really attack while wielding your +2 sling?
You clumsily bash the goblin.
You kill the goblin!
The goblin barely misses you.
The orc wizard hits you with a +0 dagger.
* * * LOW HITPOINT WARNING * * *
The goblin hits you with a +0 dagger.
* * * LOW HITPOINT WARNING * * *
Something hits you.
You die...
Your body glows slightly and disappears.

#.....####.#.<.###....##
####..# #...#.......###
#..# ##......#...# #
#..### #.####.....# #
#....# #.# ##....# #
##.#.###.## #....#
#.#......## ##.###
#..g......# #..
#.)@g......# #..
#.g.og...>.# #.#
#..gg......# .#
#.$.).g....#
#..)...$.....
##....)...### ........).
....!.....


You could see Robin, an orc wizard, 3 hobgoblins and 3 goblins.

Vanquished Creatures
  Ijyb (D:2)
  An orc wizard (D:3)
  4 adders
  2 worms
  An orc (D:3)
  9 bats
  2 endoplasms
  2 giant cockroaches (D:1)
  14 goblins
  11 hobgoblins
  6 jackals
  A quokka (D:1)
  7 ball pythons
  4 frilled lizards
  4 kobolds
  4 rats
73 creatures vanquished.

Vanquished Creatures (collateral kills)
  2 orc priests (D:3)
  An orc (D:3)
3 creatures vanquished.

Grand Total: 76 creatures vanquished

Notes
Turn   | Place    | Note
-------+----------+-------------------------------------------
     0 | D:1      | qeuew the Demonspawn Wanderer began the quest for the Orb.
     0 | D:1      | qeuew set off with the following items: a +2 sling, 9
                  | boomerangs, a +0 dagger, a scroll of silence, a +0 robe;
                  | and the following spell memorised: Foxfire; and the
                  | following spells available to memorise: Mephitic Cloud.
     0 | D:1      | Reached XP level 1. HP: 13/13 MP: 2/2
    95 | D:1      | Gained mutation: Your demonic aura sometimes causes spilled
                  | blood to erupt in flames. [demonic ancestry]
    95 | D:1      | Reached XP level 2. HP: 20/20 MP: 3/3
   764 | D:2      | Reached XP level 3. HP: 23/25 MP: 4/4
   816 | D:2      | Reached skill level 1 in Fighting
   912 | D:2      | Reached skill level 1 in Short Blades
   912 | D:2      | Reached skill level 1 in Armour
   912 | D:2      | Reached skill level 1 in Dodging
  1121 | D:2      | Found a faded altar of an unknown god.
  1167 | D:2      | Prayed at the altar of an unknown god.
  1167 | D:2      | Became a worshipper of Nemelex Xobeh the Trickster
  1167 | D:2      | Reached * piety under Nemelex Xobeh
  1167 | D:2      | Received a gift from Nemelex Xobeh
  1400 | D:3      | Noticed Ijyb
  1413 | D:2      | Killed Ijyb
  1414 | D:2      | Reached skill level 4 in Ranged Weapons
  1414 | D:2      | Gained mutation: You regenerate magic rapidly. [demonic
                  | ancestry]
  1414 | D:2      | Reached XP level 4. HP: 27/32 MP: 5/5
  1440 | D:3      | Reached skill level 1 in Invocations
  1698 | D:3      | Gained mutation: Your movements are slightly less
                  | encumbered by armour. (ER -2) [demonic ancestry]
  1698 | D:3      | Reached XP level 5. HP: 21/38 MP: 6/6
  1956 | D:3      | Reached skill level 1 in Evocations
  2120 | D:3      | Noticed Robin
  2130 | D:3      | HP: 2/57 [goblin/+0 dagger[Robin] (5)]
  2130 | D:3      | Slain by an orc wizard

Illustrated notes

Levels and vault maps discovered:
D:1:      minmay_arrival_open_corners, layout_basic, minmay_pentomino_r2
D:2:      layout_basic, ebering_ecumenical_altar_hall
D:3:      cheibrodos_greedy_goblins, layout_rooms, uniq_robin, uniq_ijyb

Skill      XL: |  1  2  3  4  5 |
---------------+----------------+-----
Fighting       | 1 |  1.9
Short Blades   | 1 |  1.8
Armour         | 1 |  1.7
Dodging        | 1 |  1.6
Ranged Weapons | 4 |  4.1
Invocations    | 2 |  2.6
Evocations     | 1 |  1.1
Throwing       | |  2.6
Stealth        | |  0.1
Spellcasting   | |  1.0
Conjurations   | |  2.0

Action                   |  1- 3 |  4- 6 || total
-------------------------+-------+-------++-------
Melee: Unarmed           |     6 |       ||     6
       Sling             |       |     1 ||     1
 Fire: Sling             |    88 |    92 ||   180
Throw: Boomerang         |     9 |       ||     9
Invok: Draw Summoning    |       |     2 ||     2
       Draw Destruction  |       |     1 ||     1
  Use: Scroll            |     3 |       ||     3
       Potion            |     1 |     2 ||     3
Armor: Robe              |    10 |    10 ||    20
Dodge: Dodged            |    31 |    59 ||    90

Table legend: (Time is in decaauts)
 A = Elapsed time spent in this place.
 B = Non-inter-level travel time spent in this place.
 C = Inter-level travel time spent in this place.
 D = Time resting spent in this place.
 E = Time spent auto-exploring this place.
 F = Levels seen in this place.
 G = Mean time per level.
                   A        B        C        D        E       F      G
               +--------+--------+--------+--------+--------+-----+--------+
         Total |   2167 |   2115 |     52 |      0 |   1768 |   3 |  722.3 |
       Dungeon |   2167 |   2115 |     52 |      0 |   1768 |   3 |  722.3 |
               +--------+--------+--------+--------+--------+-----+--------+

Top non-repeatable levels by time:
     D:1: 762 daAuts
     D:3: 732 daAuts
     D:2: 672 daAuts
